 Dungeon Crawl Stone Soup version 0.26.1-11-gd32895ea62 (webtiles) character file.

Game seed: 11810786675046442576

123 nothank2 the Vexing (level 4, -2/21 HPs)
             Began as a Spriggan Enchanter on July 8, 2021.
             Slain by a river rat (10 damage)
             ... on level 3 of the Dungeon.
             The game lasted 00:08:57 (3127 turns).

nothank2 the Vexing (Spriggan Enchanter)            Turns: 3127, Time: 00:08:57

Health: -2/21      AC:  2    Str:  4    XL:     4   Next: 79%
Magic:  1/9        EV: 18    Int: 16    God:
Gold:   129        SH:  0    Dex: 17    Spells: 5/8 levels left

rFire    . . .     SeeInvis +   a - +1 dagger
rCold    + . .     Faith    .   (shield restricted)
rNeg     . . .     Spirit   .   b - +0 robe
rPois    .         Reflect  .   (helmet restricted)
rElec    .         Harm     .   (no cloak)
rCorr    .         Rampage  .   (gloves unavailable)
Will     .....                  (boots unavailable)
Stlth    +++.......             (no amulet)
HPRegen  0.07/turn              i - ring of protection from cold
MPRegen  0.11/turn              (no ring)

@: very quick
A: very small, unfitting armour, see invisible, speed 3
a: no special abilities


You were on level 3 of the Dungeon.
You visited 1 branch of the dungeon, and saw 3 of its levels.

You collected 129 gold pieces.

Inventory:

Hand Weapons
 a - a +1 dagger (weapon)
Missiles
 e - 2 datura-tipped darts (quivered)
Armour
 b - a +0 robe (worn)
Jewellery
 i - a ring of protection from cold (left hand)
Wands
 l - a wand of polymorph (7)
 m - a wand of flame (20)
Scrolls
 d - 3 scrolls of amnesia {unknown}
 f - 2 scrolls of teleportation {unknown}
 g - 7 scrolls of identify {unknown}
 n - a scroll of immolation {unknown}
 q - a scroll of fog {unknown}
Potions
 c - a potion of invisibility {unknown}
 h - 2 potions of attraction {unknown}
 j - 3 potions of heal wounds {unknown}
 k - a potion of ambrosia {unknown}
 o - a potion of degeneration {unknown}
 p - a potion of brilliance {unknown}


   Skills:
 - Level 1.1 Short Blades
 - Level 3.0 Dodging
 + Level 5.6 Stealth
 - Level 2.6 Spellcasting
 - Level 6.2 Hexes


You had 5 spell levels left.
You knew the following spells:

 Your Spells              Type           Power        Failure   Level
a - Corona                Hex            24%          1%          1
b - Ensorcelled Hibernat  Hex/Ice        24%          9%          2

Your spell library contained the following spells:

 Spells                   Type           Power        Failure   Level
 Confusing Touch          Hex            22%          4%          3
 Tukima's Dance           Hex            22%          4%          3
 Dazzling Flash           Conj/Hex       24%          16%         3


Dungeon Overview and Level Annotations

Branches:
Dungeon (3/15)

Altars:
Xom
The Shining One

Portals:
Sewer: D:3


Innate Abilities, Weirdness & Mutations

You are very small and have problems with some larger weapons.
You are too small for most types of armour.
You have supernaturally acute eyesight. (SInv)
You cover ground extremely quickly.


Message History

Aim: a river rat (36% to evade)
The puff of flame misses the river rat.
Casting: Ensorcelled Hibernation (safe; 9% risk of failure)
Confirm with . or Enter, or press ? or * to list all spells.
Aiming: Ensorcelled Hibernation (safe; 9% risk of failure)
Press: ? - help, Shift-Dir - straight line, f/p - river rat
Aim: a river rat (chance to affect: 51%)
The river rat resists with some effort.
Throw: 3 darts (datura)
Press: ? - help, Q - select action, (/) - cycle Shift-Dir - straight line, f/p - river rat
Aim: a river rat (55% to hit, chance to frenzy on hit: 100%)
You throw a datura-tipped dart.
The datura-tipped dart hits the river rat.
The river rat flies into a frenzy!
The river rat barely misses you.
The river rat refuses to make way for you. (Use ctrl+direction or * direction to attack.) Unknown command.
The river rat closely misses you. The river rat bites you!
You die...

#........>...........
#.....###......(....#
#####.....).............+
#........####...........#
#.?......# #...........#
#........#**#...........#
#........+,.............#
#...$....#####..........#
#......r@# ############
#....###.# ############
*#....**#.# #..........##
#.....+,#.# #............
****#....,*,#.#
#............
*<,,....,,*,#.#
#............
****#,***,*,#.#
#..........## *,,,,,*,#.#
#..........# *******,#.#
#..........#


You could see a neutral river rat (fast, strong, insane).

Vanquished Creatures
  Jessica (D:2)
  An orc wizard (D:3)
  2 adders (D:2)
  An ooze (D:1)
  3 leopard geckos
  3 orcs (D:3)
  2 giant cockroaches (D:1)
  6 goblins
  4 hobgoblins (D:1)
  3 jackals
  7 bats
  5 frilled lizards
  3 kobolds
  4 rats
45 creatures vanquished.

Notes
Turn   | Place    | Note
-------+----------+-------------------------------------------
     0 | D:1      | nothank2 the Spriggan Enchanter began the quest for the
                  | Orb.
     0 | D:1      | Reached XP level 1. HP: 9/9 MP: 5/5
   321 | D:1      | Reached skill level 4 in Hexes
   489 | D:1      | Reached XP level 2. HP: 9/13 MP: 4/6
   782 | D:1      | Learned a level 2 spell: Ensorcelled Hibernation
  1440 | D:1      | Reached skill level 5 in Hexes
  1807 | D:2      | Reached XP level 3. HP: 15/16 MP: 5/8
  2363 | D:2      | Found a shimmering altar of Xom.
  2365 | D:2      | Found a sparkling altar of Nemelex Xobeh.
  2365 | D:2      | Found an iron altar of Okawaru.
  2367 | D:2      | Found a glowing golden altar of the Shining One.
  2367 | D:2      | Found a stormy altar of Qazlal.
  2367 | D:2      | Found a shimmering altar of Xom.
  2367 | D:2      | Noticed Jessica
  2371 | D:2      | Killed Jessica
  2372 | D:2      | Reached skill level 6 in Hexes
  2372 | D:2      | Reached XP level 4. HP: 21/21 MP: 6/9
  2748 | D:3      | Found a glowing golden altar of the Shining One.
  2965 | D:3      | Reached skill level 5 in Stealth
  3069 | D:3      | Found a glowing drain.
  3127 | D:3      | Slain by a river rat

Illustrated notes

Levels and vault maps discovered:
D:1:      amcnicky_arrival_wind_blow, layout_basic
D:2:      layout_rooms, doesnt_xom_only_xom, uniq_jessica
D:3:      layout_basic, tso_altar, portal_sewer_entry_b

Skill      XL: |  1  2  3  4 |
---------------+-------------+-----
Hexes          | 4 5 6 |  6.2
Stealth        | 5 |  5.6
Short Blades   | |  1.1
Dodging        | |  3.0
Spellcasting   | |  2.6

Action                   |  1- 3 |  4- 6 || total
-------------------------+-------+-------++-------
Melee: Dagger            |    94 |    32 ||   126
Throw: Dart              |       |     2 ||     2
 Cast: Corona            |     6 |       ||     6
       Ensorcelled Hiber |    16 |    10 ||    26
Evoke: Wand              |       |     1 ||     1
  Use: Scroll            |       |     1 ||     1
 Stab: Sleeping          |    18 |     8 ||    26
Armor: Robe              |     9 |     3 ||    12
Dodge: Dodged            |    68 |    31 ||    99
